 Dungeon Sprint DCSS version 0.30-a0-1160-g6e42c06551 (webtiles) character file.

Game seed: 7063959704671401343

203 sircluck the Cleaver (level 5, 0/85 HPs)
             Began as a Hill Orc Berserker on Apr 26, 2023.
             Was a Priest of Trog.
             Slain by a killer bee (7 damage)
             ... in the Dungeon (Sprint IV: "Fedhas' Mad Dash").
             The game lasted 00:01:55 (1019 turns).

sircluck the Cleaver (Hill Orc Berserker)           Turns: 1019, Time: 00:01:57

Health: 0/85       AC:  2    Str: 22    XL:     5   Next: 81%
Magic:  5/5        EV: 12    Int:  7    God:    Trog [***...]
Gold:   68         SH:  0    Dex: 10    Spells: 4/4 levels left

rFire   . . .        a - +0 hand axe
rCold   . . .        (no shield)
rNeg    . . .        b - +0 animal skin
rPois   .            (no helmet)
rElec   .            (no cloak)
rCorr   .            (no gloves)
SInv    .            (no boots)
Will    .....        i - amulet of invisibility {+Inv} Stlth
                     c - ring of flight
HPRegen 0.34/turn    (no ring)
MPRegen 0.09/turn

%: no teleportation
@: berserking, lethally poisoned (0 -> -10), flying, very quick
A: no striking features
a: Renounce Religion, Evoke Invisibility, Berserk, Trog's Hand


You were in the Dungeon.
You worshipped Trog.
Trog was most pleased with you.
You visited 1 branch You collected 68 gold pieces.

Inventory:

Hand Weapons
 a - a +0 hand axe (weapon)
Missiles
 j - 5 stones (quivered)
Armour
 b - a +0 animal skin (worn)
Jewellery
 c - a ring of flight (left hand)
 i - the amulet of invisibility (around neck) {+Inv}
   (You found it in the Dungeon)

   [amulet of nothing]

   +Inv:      It lets you turn invisible.
Scrolls
 h - 2 scrolls of blinking
Potions
 e - a potion of haste
 f - 2 potions of magic


   Skills:
 + Level 9.1 Fighting
 + Level 10.4 Axes
 + Level 4.5 Armour
 + Level 3.6 Dodging
 + Level 0.4 Stealth


You had 4 spell levels left.
You didn't know any spells.
Your spell library was empty.

Dungeon Overview and Level Annotations

Branches:
Dungeon (1/1)

Altars:
Cheibriados
Dithmenos
Elyvilon
Gozag
Hepliaklqana
Kikubaaqudgha
Makhleb
Nemelex Xobeh
Okawaru
Qazlal
Ru
Sif Muna
Trog
Uskayaw
Vehumet
Wu Jian
Xom
Yredelemnul
Zin
The Shining One
Beogh
Jiyva
Lugonu


Message History

The killer bee poisons you! The killer bee barely misses you.
The killer bee attacks as you move away!
The killer bee stings you!
You feel sick. The killer bee barely misses you.
The killer bee completely misses you. The killer bee closely misses you.
The killer bee stings you.
There is an open door, spattered with blood here.
You feel sick. The killer bee barely misses you.
The killer bee closely misses you.
You feel sick. The killer bee closely misses you. The killer bee stings you!
Blink to where?
Press: ? - help, Q - select action, (/) - cycle Dir - move target
As you read the scroll of blinking, it crumbles to dust.
You feel sick.
The killer bee rages.
The killer bee closely misses you.
You feel much better.
You feel sick.
You are no longer poisoned.
The killer bee stings you.
You are poisoned.
The killer bee poisons you! The killer bee closely misses you.
The killer bee stings you!
A red film seems to cover your vision as you go berserk!
You feel yourself moving faster!
You feel mighty!
You feel sick. The killer bee barely misses you. The killer bee stings you!
The killer bee barely misses you. x2; The killer bee misses you.
You closely miss the killer bee. You miss the killer bee.
You feel sick. The killer bee stings you!
* * * LOW HITPOINT WARNING * * *
You are more poisoned.
The killer bee poisons you! The killer bee misses you.
The killer bee stings you!
* * * LOW HITPOINT WARNING * * *
You slash the killer bee!
The killer bee is almost dead.
You miss the killer bee. You barely miss the killer bee.
* * * LOW HITPOINT WARNING * * *
You feel sick. The killer bee completely misses you. The killer bee stings you.
* * * LOW HITPOINT WARNING * * *
The killer bee stings you!
You die...

#################################
<..P#.....#....y#.⌠._._._._.⌠.#..
PP..'.)...'.#.yy@.._._._._._..+..
PPPP#.÷...#.#..y#..._._._._...#..
##############'##.._._._._._..#.:
♣....y...y...#._._._._._.⌠.###
......♣.....#...###############
.....♣..♣..###### #+## #+#####


You could see a queen bee and 4 killer bees.

Vanquished Creatures
  A scorpion (D)
  4 oklob saplings (D)
  A river rat (D)
  A rat (D)
7 creatures vanquished.

Notes
Turn   | Place    | Note
-------+----------+-------------------------------------------
     0 | D        | sircluck the Hill Orc Berserker began the quest for the
                  | Orb.
     0 | D        | Reached XP level 1. HP: 19/19 MP: 1/1
    10 | D        | Reached skill level 5 in Axes
    10 | D        | Reached XP level 2. HP: 28/28 MP: 2/2
   167 | D        | Noticed an oklob sapling
   172 | D        | Killed an oklob sapling
   172 | D        | Reached ** piety under Trog
   173 | D        | Reached skill level 6 in Axes
   173 | D        | Reached XP level 3. HP: 37/37 MP: 3/3
   175 | D        | Noticed a scorpion
   175 | D        | Found the amulet of invisibility {+Inv}
   190 | D        | Killed a scorpion
   191 | D        | Reached skill level 8 in Axes
   191 | D        | Reached XP level 4. HP: 7/47 MP: 4/4
   195 | D        | HP: 2/47 [poisoned by a scorpion]
   465 | D        | Found an opulent altar of Gozag.
   465 | D        | Found a hazy altar of Hepliaklqana.
   465 | D        | Found a burning altar of Makhleb.
   465 | D        | Found a roughly hewn altar of Beogh.
   465 | D        | Found a sparkling altar of Nemelex Xobeh.
   465 | D        | Found a snail-covered altar of Cheibriados.
   465 | D        | Found a sacrificial altar of Ru.
   465 | D        | Found a shimmering blue altar of Sif Muna.
   465 | D        | Found a shimmering altar of Xom.
   465 | D        | Found a basalt altar of Yredelemnul.
   466 | D        | Found a viscous altar of Jiyva.
   466 | D        | Found a bloodstained altar of Trog.
   466 | D        | Found an ornate altar of the Wu Jian Council.
   466 | D        | Noticed an oklob sapling priest
   477 | D        | Reached XP level 5. HP: 21/53 MP: 5/5
   598 | D        | Found an iron altar of Okawaru.
   598 | D        | Found a shadowy altar of Dithmenos.
   598 | D        | Found a glowing silver altar of Zin.
   599 | D        | Found an ancient bone altar of Kikubaaqudgha.
   599 | D        | Found a hide-covered altar of Uskayaw.
   600 | D        | Found a stormy altar of Qazlal.
   600 | D        | Found a white marble altar of Elyvilon.
   600 | D        | Found a glowing golden altar of the Shining One.
   601 | D        | Found a corrupted altar of Lugonu.
   601 | D        | Found a radiant altar of Vehumet.
   614 | D        | Reached skill level 9 in Axes
   969 | D        | Reached *** piety under Trog
   970 | D        | Reached skill level 10 in Axes
  1006 | D        | Noticed a queen bee
  1019 | D        | Slain by a killer bee

Illustrated notes

Levels and vault maps discovered:
D:        dungeon_sprint_fedhas [sprint_temple]

Skill      XL: |  1  2  3  4  5 |
---------------+----------------+-----
Fighting       | 4 6 7 9 |  9.1
Axes           | 5 6 8 10 | 10.4
Armour         | 3 4 |  4.5
Dodging        | 2 3 |  3.6
Stealth        | |  0.4

Action                     |  1- 3 |  4- 6 || total
---------------------------+-------+-------++-------
  Melee: Hand axe          |    21 |    22 ||    43
         Punch             |       |     1 ||     1
 Invoke: Berserk           |     2 |     1 ||     3
    Use: Potion            |     1 |     2 ||     3
         Scroll            |       |     1 ||     1
 Armour: Animal skin       |     4 |       ||     4
  Dodge: Dodged            |    11 |    20 ||    31

Table legend: (Time is in decaauts)
 A = Elapsed time spent in this place.
 B = Non-inter-level travel time spent in this place.
 C = Inter-level travel time spent in this place.
 D = Time resting spent in this place.
 E = Time spent auto-exploring this place.
 F = Levels seen in this place.
 G = Mean time per level.
                   A        B        C        D        E       F      G
               +--------+--------+--------+--------+--------+-----+--------+
         Total |   1050 |   1050 |      0 |    864 |      3 |   1 | 1050.0 |
       Dungeon |   1050 |   1050 |      0 |    864 |      3 |   1 | 1050.0 |
               +--------+--------+--------+--------+--------+-----+--------+

Top non-repeatable levels by time:
       D: 1050 daAuts
